 Dungeon Crawl Stone Soup version 0.28.0 (webtiles) character file.

Game seed: 12191186357751512973

417 Zeld the Chopper (level 6, -3/56 HPs)
             Began as a Minotaur Delver on Feb 18, 2022.
             Was an Initiate of Trog.
             Succumbed to a water moccasin's poison
             ... on level 5 of the Dungeon.
             The game lasted 00:02:09 (1749 turns).

Zeld the Chopper (Minotaur Delver)                  Turns: 1749, Time: 00:02:10

Health: -3/56      AC:  3    Str: 19    XL:     6   Next: 61%
Magic:  5/5        EV: 12    Int:  7    God:    Trog [......]
Gold:   42         SH:  0    Dex: 11    Spells: 5/5 levels left

rFire   . . .      SeeInvis .   a - +0 hand axe
rCold   . . .      Faith    .   (no shield)
rNeg    . . .      Spirit   .   b - +0 leather armour
rPois   .          Reflect  .   (helmet restricted)
rElec   .          Harm     .   (no cloak)
rCorr   .          Rampage  .   (no gloves)
Will    .....                   (no boots)
Stlth   ++........              (no amulet)
HPRegen 0.18/turn               (no ring)
MPRegen 0.09/turn               (no ring)

@: lethally poisoned (-3 -> -22)
A: horns 2, retaliatory headbutt
a: Renounce Religion


You were on level 5 of the Dungeon.
You worshipped Trog.
Trog was noncommittal.
You visited 1 branch of the dungeon, and saw 2 of its levels.

You collected 42 gold pieces.

Inventory:

Hand Weapons
 a - a +0 hand axe (weapon)
Armour
 b - a +0 leather armour (worn)
Wands
 g - a wand of digging (3)
Scrolls
 c - a scroll of fog
 d - a scroll of magic mapping
 f - a scroll of identify {unknown}
Potions
 h - a potion of degeneration {unknown}
 i - a potion of magic {unknown}


   Skills:
 + Level 5.1 Fighting
 * Level 5.7 Axes
 + Level 3.9 Dodging
 - Level 5.0 Stealth


You had 5 spell levels left.
You didn't know any spells.
Your spell library was empty.

Dungeon Overview and Level Annotations

Branches:
Dungeon (6/15)
 Temple: D:4-7

Altars:
Trog

Annotations:
D:5 2 transporters, Theoretic's ghost, novice VSDe


Innate Abilities, Weirdness & Mutations

You have a pair of horns on your head.
You reflexively headbutt those who attack you in melee.


Message History

The slug dart hits you.
* * * LOW HITPOINT WARNING * * *
You slash the dart slug!
The dart slug is severely wounded.
You slash the dart slug!
You kill the dart slug!
Trog accepts your kill.
Things that are here:
a +0 giant club; a dart slug corpse; an ogre corpse You start resting.
An ice beast is nearby!
An ice beast is nearby!
A water moccasin comes into view.
The water moccasin hisses angrily.
Okay, then.
You slash the water moccasin!
The water moccasin is moderately wounded.
The water moccasin bites you.
You are poisoned.
The water moccasin poisons you!
The water moccasin bites you but does no damage.
Unknown command.
You hit the water moccasin.
Your headbutt misses the water moccasin.
The water moccasin is moderately wounded.
You feel very sick. The water moccasin barely misses you.
Unknown command.
You closely miss the water moccasin.
Your headbutt misses the water moccasin.
The water moccasin is moderately wounded.
You feel very sick. The water moccasin bites you.
* * * LOW HITPOINT WARNING * * *
You are lethally poisoned!
The water moccasin poisons you! The water moccasin bites you!
* * * LOW HITPOINT WARNING * * *
You closely miss the water moccasin.
The water moccasin is moderately wounded.
You die...

##............. .............
.......Y.... ....Y.....#####
# ..............# .
..............##############.
..........)..................
...##.#####....!...©.........
# ..# #.@#############...
#... #.S#.W..??$....#..# ≈≈w#
#..#...........#..# ≈≈≈
#..#..##...##..#./# ≈≈
#..#..#8.[.8#..#..#
#..#..##...##..#..#
#..#.....©.....#..#
#..#Z.##Z..##..#..#
#..#..#8...8#..#..#


You could see a water moccasin and an ice beast.

Vanquished Creatures
  An ogre (D:5)
  A phantom (D:6)
  A bullfrog (D:6)
  A bullfrog zombie (D:6)
  A centaur zombie (D:6)
  3 orc priests (D:6)
  A centaur skeleton (D:5)
  An adder (D:5)
  A dart slug (D:5)
  7 orcs
18 creatures vanquished.

Notes
Turn   | Place    | Note
-------+----------+-------------------------------------------
     0 | D:5      | Zeld the Minotaur Delver began the quest for the Orb.
     0 | D:5      | Reached XP level 1. HP: 19/19 MP: 0/0
    22 | D:5      | Reached XP level 2. HP: 23/27 MP: 1/1
    70 | D:5      | Found a transporter.
    72 | D:5      | Found a transporter.
    72 | D:5      | Noticed Theoretic's ghost (novice VSDe)
    89 | D:5      | Noticed an ice beast
   258 | D:6      | Reached XP level 3. HP: 12/33 MP: 2/2
   472 | D:6      | Reached XP level 4. HP: 31/40 MP: 3/3
   567 | D:6      | Reached XP level 5. HP: 10/47 MP: 4/4
   729 | D:6      | Found a bloodstained altar of Trog.
   735 | D:6      | Became a worshipper of Trog the Wrathful
   854 | D:6      | Noticed a phantom
   877 | D:6      | Reached skill level 5 in Axes
   889 | D:6      | Killed a phantom
   890 | D:6      | Reached XP level 6. HP: 13/55 MP: 5/5
  1269 | D:5      | Reached skill level 5 in Fighting
  1675 | D:5      | Reached skill level 5 in Stealth
  1737 | D:5      | Noticed a water moccasin
  1748 | D:5      | HP: 1/56 [water moccasin (8)]
  1749 | D:5      | Succumbed to a water moccasin's poison

Illustrated notes

Levels and vault maps discovered:
D:5:      kennysheep_slugbush, layout_basic, mainiacjoe_overflow_divided_tiny,
          gammafunk_ghost_mausoleum, grunt_ministairs_7, minmay_holes,
          wad_floor_pattern_2, uniq_eustachio, uniq_grinder
D:6:      layout_basic, mainiacjoe_overflow_small_starburst, kennysheep_mini,
          st_stairs_2, grunt_ministairs_5, columned_hall_lemuel, uniq_maggie,
          uniq_crazy_yiuf_cottage

Skill      XL: |  1  2  3  4  5  6 |
---------------+-------------------+-----
Axes           | 3 4 5 |  5.7
Fighting       | 4 5 |  5.1
Dodging        | 3 |  3.9
Stealth        | 5 |  5.0

Action                   |  1- 3 |  4- 6 || total
-------------------------+-------+-------++-------
Melee: Hand axe          |    18 |    55 ||    73
       Headbutt          |     7 |     6 ||    13
  Use: Potion            |     1 |       ||     1
       Scroll            |       |     1 ||     1
 Stab: Sleeping          |     1 |     2 ||     3
Armor: Leather armour    |     8 |     8 ||    16
Dodge: Dodged            |    18 |    31 ||    49
